 Dungeon Crawl Stone Soup version 0.18.1-2-ga659475 (webtiles) character file.

2467 Mefis the Magician (level 9, -5/45 HPs)
             Began as a Deep Elf Wizard on May 8, 2016.
             Was a Priest of Sif Muna.
             Killed by divine providence
             ... invoked by an orc priest
              (9 damage)
             ... on level 7 of the Dungeon.
             The game lasted 00:33:15 (7885 turns).

Mefis the Magician (Deep Elf Wizard)                Turns: 7885, Time: 00:33:17

Health: -5/45      AC:  4    Str:  4    XL:     9   Next: 26%
Magic:  21/21      EV: 14    Int: 27    God:    Sif Muna [***...]
Gold:   391        SH:  0    Dex: 15    Spells: 6 memorised, 9 levels left

rFire  . . .     SeeInvis .     G - +2 dagger (drain)
rCold  . . .     Gourm    .     a - +0 robe
rNeg   . . .     Faith    .     (no shield)
rPois  .         Spirit   .     E - +2 hat
rElec  .         Dismiss  .     (no cloak)
rCorr  .         Reflect  .     (no gloves)
SustAt .         Harm     .     (no boots)
MR     +....                    j - amulet of magic regeneration
Stlth  +++.......               (no ring)
                                (no ring)

@: lethally poisoned (-5 -> -8), repel missiles, somewhat resistant to hostile
enchantments, fairly stealthy
A: hooves 1, thin skeletal structure 1, magic resistance 1
a: Channel Energy, Renounce Religion


You were on level 7 of the Dungeon.
You worshipped Sif Muna.
Sif Muna was most pleased with you.
You were not hungry.

You visited 1 branch of the dungeon, and saw 8 of its levels.

You collected 391 gold pieces.

Inventory:

Hand Weapons
 n - a +0 dagger
 q - a +2 hunting sling of velocity
 u - a +1 vampiric dagger
 A - a +0 shortbow
 G - a +2 dagger of draining (weapon)
 J - a +0 shortbow of flaming
Missiles
 b - 13 sling bullets
 d - 141 arrows
 i - 5 needles of frenzy
 o - 2 throwing nets (quivered)
 t - 245 stones
 B - 3 tomahawks
 H - 32 poisoned needles
 O - 2 curare-tipped needles
Armour
 a - a +0 robe (worn)
 E - a +2 hat (worn)
Jewellery
 j - an amulet of magic regeneration (around neck)
 y - an uncursed amulet of guardian spirit
Wands
 L - a wand of slowing (29/48)
Scrolls
 e - 2 scrolls of teleportation {unknown}
 h - 3 scrolls of remove curse
 m - 10 scrolls of identify {unknown}
 p - 4 scrolls of enchant armour {unknown}
 v - a scroll of fog {unknown}
 x - 2 scrolls of fear
 D - 2 scrolls of blinking {unknown}
Potions
 f - a potion of brilliance {unknown}
 g - 2 potions of flight {unknown}
 k - a potion of heal wounds {unknown}
 r - a potion of invisibility {unknown}
 s - 2 potions of agility {unknown}
 w - 4 potions of degeneration {unknown}
 C - a potion of might
 M - a potion of curing
Books
 c - a book of Minor Magic

   Spells                             Type                      Level
   a - Magic Dart                     Conjuration                  1
   b - Blink                          Translocation                2
   c - Call Imp                       Summoning                    2
   d - Repel Missiles                 Charms/Air                   2
   e - Slow                           Hexes                        2
   f - Conjure Flame                  Conjuration/Fire             3
   g - Mephitic Cloud                 Conjuration/Poison/Air       3
Comestibles
 l - 3 beef jerkies
 z - 2 bread rations
 F - 3 meat rations
 I - a slice of pizza
 K - 4 fruits


   Skills:
 + Level 0.9 Bows
 + Level 4.8 Dodging
 + Level 5.7 Stealth
 + Level 7.1 Spellcasting
 + Level 4.2 Conjurations
 + Level 4.0 Charms
 + Level 4.0 Summonings
 + Level 3.5 Translocations
 + Level 3.7 Fire Magic
 + Level 2.9 Air Magic
 * Level 5.5 Poison Magic
 + Level 2.8 Invocations


You had 9 spell levels left.
You knew the following spells:

 Your Spells              Type           Power        Failure   Level  Hunger
a - Magic Dart            Conj           ####         1%          1    None
b - Call Imp              Summ           ####....     1%          2    None
c - Blink                 Tloc           N/A          1%          2    None
d - Repel Missiles        Chrm/Air       ####..       1%          2    None
e - Mephitic Cloud        Conj/Pois/Air  ####....     2%          3    None
f - Conjure Flame         Conj/Fire      ####....     3%          3    None


Dungeon Overview and Level Annotations

Branches:
Dungeon (8/15)
 Temple: D:4-7         Lair: D:8-11

Altars:
Ashenzari
Cheibriados
Pakellas
Qazlal
Sif Muna
Trog
Vehumet


Innate Abilities, Weirdness & Mutations

You have large cloven feet.
You have a somewhat thin skeletal structure (Dex +2, Stealth).
You are resistant to hostile enchantments.


Message History

The orc priest invokes the aid of Beogh against you.
You easily resist.
You see here a tomahawk.
A killer bee comes into view.
The orc wizard casts a spell at you. The puff of frost hits you!
* * * LOW HITPOINT WARNING * * *
The orc wizard gestures at you while chanting.
The magic dart hits you!
* * * LOW HITPOINT WARNING * * *
You see here a tomahawk.
The orc wizard mumbles some strange words.
The orc wizard flickers and vanishes!
The killer bee stings you.
* * * LOW HITPOINT WARNING * * *
You are poisoned.
The killer bee poisons you!
The orc priest invokes the aid of Beogh against you.
Beogh smites you!
You die...

.. .# ### .# ....
.#..... # ##.#...
# #..'. # #..# #
..# ###@.# ### ..#
#.y..# ..###..###
##.#..# #..##.....
#(.##.... ##.##.#
#.###(## #<....
#.##.# #..#o.#
#.### ##.##.#
#.{y## .# ......##
##..# .#
##.....####..#####


You could see 2 killer bees and an orc priest.

Vanquished Creatures
  2 water moccasins
  Duvessa (D:5)
  An orc warrior (D:5)
  A sky beast (D:7)
  An ice beast (D:4)
  2 ogres (D:4)
  4 centaurs
  2 giant frogs
  Dowan (D:5)
  5 wights (D:6)
  2 crimson imps (D:6)
  4 orc wizards
  A giant frog skeleton (D:7)
  2 hounds
  A jelly (D:5)
  An orc priest (D:5)
  Ijyb (D:3)
  An iguana (D:5)
  3 worker ants
  2 hound skeletons
  Robin (D:4)
  7 adders
  3 gnolls (D:3)
  A shadow imp (D:6)
  2 oozes (D:3)
  2 worms
  A dart slug (D:1)
  2 giant geckos
  24 orcs
  3 ball pythons
  8 bats
  7 giant cockroaches
  14 goblins
  10 hobgoblins
  10 jackals
  2 quokkas
  4 giant newts
  4 kobolds
  8 rats
151 creatures vanquished.

Vanquished Creatures (collateral kills)
  The ghost of Mefis the Magician, an amateur DEWz of Fedhas (D:5)
  A sky beast (D:6)
  A black bear (D:6)
  An orc wizard (D:4)
  2 worker ants
  A gnoll (D:3)
  2 adders
  A worm (D:3)
  A ball python (D:3)
11 creatures vanquished.

Grand Total: 162 creatures vanquished

Notes
Turn   | Place    | Note
--------------------------------------------------------------
     0 | D:1      | Mefis the Deep Elf Wizard began the quest for the Orb.
     0 | D:1      | Reached XP level 1. HP: 10/10 MP: 7/7
   373 | D:1      | Reached XP level 2. HP: 15/15 MP: 7/9
   405 | D:1      | Learned a level 2 spell: Call Imp
   408 | D:1      | Learned a level 2 spell: Blink
   411 | D:1      | Learned a level 2 spell: Repel Missiles
   443 | D:1      | Reached skill level 5 in Spellcasting
  1094 | D:2      | Reached XP level 3. HP: 19/19 MP: 4/12
  1099 | D:2      | Learned a level 3 spell: Mephitic Cloud
  1103 | D:2      | Learned a level 3 spell: Conjure Flame
  1629 | D:2      | Reached skill level 1 in Poison Magic
  1798 | D:2      | Reached XP level 4. HP: 23/24 MP: 9/13
  1983 | D:3      | Found a bloodstained altar of Trog.
  1983 | D:3      | Found an oddly glowing altar of Pakellas.
  1983 | D:3      | Found a stormy altar of Qazlal.
  1983 | D:3      | Found a snail-covered altar of Cheibriados.
  1983 | D:3      | Found a shattered altar of Ashenzari.
  1983 | D:3      | Found a radiant altar of Vehumet.
  2056 | D:3      | Found a deep blue altar of Sif Muna.
  2116 | D:3      | Reached skill level 1 in Fire Magic
  2350 | D:3      | Noticed Ijyb
  2398 | D:3      | Killed Ijyb
  2398 | D:3      | Reached XP level 5. HP: 28/28 MP: 1/15
  2482 | D:3      | Reached skill level 6 in Spellcasting
  2630 | D:3      | Became a worshipper of Sif Muna the Loreminder
  2881 | D:3      | Found a stormy altar of Qazlal.
  3310 | D:4      | Noticed a centaur
  3318 | D:4      | Killed a centaur
  3318 | D:4      | Reached XP level 6. HP: 32/32 MP: 10/17
  3754 | D:4      | Reached skill level 1 in Charms
  3790 | D:4      | Noticed Robin
  3801 | D:4      | Killed Robin
  4326 | D:5      | Entered Level 5 of the Dungeon
  4326 | D:5      | Noticed Mefis's ghost (amateur DEWz)
  4381 | D:5      | Noticed Duvessa
  4381 | D:5      | Noticed Dowan
  4381 | D:5      | Noticed an ice beast
  4486 | D:4      | Killed an ice beast
  4486 | D:4      | Reached skill level 1 in Air Magic
  4486 | D:4      | Reached skill level 1 in Invocations
  4486 | D:4      | Reached XP level 7. HP: 33/36 MP: 7/18
  4552 | D:5      | Reached * piety under Sif Muna
  4698 | D:5      | Killed Dowan
  4705 | D:5      | Killed Duvessa
  4821 | D:5      | Killed Mefis's ghost
  5317 | D:5      | Reached XP level 8. HP: 41/41 MP: 6/19
  5928 | D:6      | Reached ** piety under Sif Muna
  5953 | D:6      | Reached skill level 5 in Stealth
  6227 | D:6      | Reached skill level 5 in Poison Magic
  6252 | D:6      | HP: 2/41 [poisoned by a water moccasin]
  6260 | D:6      | HP: 1/41 [poisoned by a water moccasin]
  7045 | D:6      | Reached XP level 9. HP: 34/45 MP: 5/21
  7064 | D:6      | Gained mutation: You have a somewhat thin skeletal structure (Dex +2, Stealth). [mutagenic meat]
  7065 | D:6      | Gained mutation: You have large cloven feet. [mutagenic meat]
  7066 | D:6      | Gained mutation: You are resistant to hostile enchantments. [mutagenic meat]
  7487 | D:7      | Reached skill level 7 in Spellcasting
  7864 | D:7      | Reached *** piety under Sif Muna
  7885 | D:7      | Killed from afar by an orc priest

Skill      XL: |  1  2  3  4  5  6  7  8  9 |
---------------+----------------------------+-----
Spellcasting   | 5 6 7 |  7.1
Poison Magic   | 1 2 3 4 5 |  5.5
Conjurations   | 2 3 4 |  4.2
Fire Magic     | 1 2 3 |  3.7
Stealth        | 3 4 5 |  5.7
Dodging        | 3 4 |  4.8
Charms         | 2 3 4 |  4.0
Summonings     | 2 3 4 |  4.0
Air Magic      | 1 2 |  2.9
Invocations    | 1 2 |  2.8
Translocations | 2 3 |  3.5
Bows           | |  0.9

Action                   |  1- 3 |  4- 6 |  7- 9 || total
-------------------------+-------+-------+-------++-------
Melee: Unarmed           |     5 |       |       ||     5
       Dagger            |     6 |    21 |     4 ||    31
       Kick              |       |       |     2 ||     2
 Fire: Hunting sling     |       |    11 |     9 ||    20
       Shortbow          |       |       |    65 ||    65
 Cast: Magic Dart        |    85 |   183 |   253 ||   521
       Repel Missiles    |     1 |       |     1 ||     2
       Mephitic Cloud    |     1 |    12 |    22 ||    35
       Conjure Flame     |       |    10 |    18 ||    28
       Call Imp          |       |    17 |    12 ||    29
       Blink             |       |       |     9 ||     9
  Use: Scroll            |     1 |     1 |       ||     2
 Stab: Sleeping          |     5 |     1 |       ||     6
  Eat: Chunk             |     2 |     9 |    11 ||    22
       Bread ration      |     1 |       |     1 ||     2
Armor: Robe              |     3 |    14 |    23 ||    40
Dodge: Dodged            |    21 |    41 |    56 ||   118
       Deflected         |     1 |       |     4 ||     5
